 Dungeon Sprint DCSS version 0.19.4 (webtiles) character file.

35800000 Groucho the Intangible (level 27, 159/174 HPs)
             Began as a Spriggan Assassin on Jan 31, 2017.
             Was the Champion of Makhleb.
             Escaped with the Orb!
             The game lasted 00:06:04 (179 turns).

Groucho the Intangible (Spriggan Assassin)           Turns: 179, Time: 00:06:05

Health: 159/174    AC:  6    Str:  8    XL:     27
Magic:  52/55      EV: 44    Int: 14    God:    Makhleb [******]
Gold:   0          SH:  0    Dex: 28    Spells: 0 memorised, 80 levels left

rFire  . . .     SeeInvis +     n - +∞ Axe of Woe
rCold  . . .     Gourm    .     c - +0 robe
rNeg   . . .     Faith    .     (shield currently unavailable)
rPois  .         Spirit   .     (helmet restricted)
rElec  .         Reflect  .     d - +0 cloak
rCorr  .         Harm     .     (gloves unavailable)
MR     ++++.     NoTele   +     (boots unavailable)
Stlth  ++++......               (no amulet)
                                (no ring)
                                (no ring)

@: lethally poisoned (159 -> -34), very slightly contaminated, hasted, very
quick
A: unfitting armour, see invisible, herbivore 3, speed 3, slow metabolism 2
a: Minor Destruction, Lesser Servant of Makhleb, Major Destruction, Greater
Servant of Makhleb, Renounce Religion
0: Orb of Zot


You escaped.
You worshipped Makhleb.
Makhleb was exalted by your worship.
You were not hungry.

You visited 1 branch

Inventory:

Hand Weapons
 a - a +2 dagger
 b - a +0 blowgun
 n - the +∞ Axe of Woe (weapon)
   (You found it in the Dungeon)
Missiles
 e - 8 poisoned needles
 f - 2 curare-tipped needles
Armour
 c - a +0 robe (worn)
 d - a +0 cloak (worn)
Jewellery
 i - a +200 ring of slaying
 j - a +200 ring of slaying
 o - a +400 ring of slaying
 p - a +200 ring of slaying
 q - a +100 ring of slaying
 r - a +400 ring of slaying
Scrolls
 m - a scroll of blinking
Potions
 h - a potion of curing
 k - 2 potions of magic
 l - a potion of berserk rage
Comestibles
 g - a bread ration


   Skills:
 O Level 27 Fighting
 O Level 27 Short Blades
 O Level 27 Axes
 O Level 27 Throwing
 O Level 27 Armour
 O Level 27 Dodging
 O Level 27 Stealth
 O Level 27 Unarmed Combat
 O Level 27 Spellcasting
 O Level 27 Invocations


You had 80 spell levels left.
You didn't know any spells.

Dungeon Overview and Level Annotations

Branches:
Dungeon (1/1)

Altars:
Makhleb


Innate Abilities, Weirdness & Mutations

You are very small and have problems with some larger weapons.
You are too small for most types of armour.
You have supernaturally acute eyesight. (SInv)
You are a herbivore.
You cover ground extremely quickly.
You need consume almost no food.


Message History

You are engulfed in poison gas.
You are more poisoned.
You feel very sick.
You hear an angry hiss.
You hear a shout!
The meat beast is poisoned.
You hit the meat beast.
You hew the meat beast savagely.
You kill the meat beast!
Makhleb accepts your kill.
You feel better.
You are engulfed in poison gas.
You are lethally poisoned!
You feel very sick.
You hear a shout! x6
The scourge breathes poison at you. The blast of poison misses you.
A meat beast comes into view.
You are engulfed in poison gas.
You are more poisoned.
You feel extremely sick.
The meat beast moves out of view.
You hear a shout! x4
You have escaped!

..S.L......
.%D......
#.......# #..
O...# .. .###.%
§.%###p..
....%.###.%......
......§_)%SS.....
....#.§)§§#......
. #_§@§§# .....
....#§)§)§#....o.
....%.)_)§p%..p..
%....O###..%%%%..
z###.% ..%###...
#.2 ...# .. #%%
...%# DG ..... ..
.....%.


You could see a meat beast, an eight-headed meat hydra, an observer (invisible),
2 scourges, 2 fleshlords, a sculptor of flesh and a meat berserker (berserk).

Vanquished Creatures
  Dispater (D)
  7 hell knights (D)
  Sigmund (D)
  11 hell beasts (D)
  5 greater mummies (D)
  8 great orbs of eyes (D)
  4 wraiths (D)
  Harold (D)
  15 vampire knights (D)
  38 ogres (D)
  8 liches (D)
  4 hydras (D)
  81 orcs (D)
  5 phantoms (D)
  10 hill giants (D)
  4 skeletal warriors (D)
  5 sea snakes (D)
  8 small abominations (D)
  15 large abominations (D)
  9 crawling corpses (D)
240 creatures vanquished.

Vanquished Creatures (others)
  5 crawling corpses (D)
5 creatures vanquished.

Grand Total: 245 creatures vanquished

Notes
Turn   | Place    | Note
-------+----------+-------------------------------------------
     0 | D        | Groucho the Spriggan Assassin began the quest for the Orb.
     0 | D        | Reached XP level 1. HP: 10/10 MP: 2/2
     4 | D        | Became a worshipper of Makhleb the Destroyer
     5 | D        | Noticed a bag of meat
     5 | D        | Noticed a bag of meat
    12 | D        | Noticed a meat berserker
    13 | D        | Noticed a meat berserker
    13 | D        | Killed a meat berserker
    13 | D        | Reached skill level 27 in Dodging
    13 | D        | Reached XP level 2. HP: 14/14 MP: 3/3
    13 | D        | Reached XP level 3. HP: 18/18 MP: 4/4
    13 | D        | Reached XP level 4. HP: 22/22 MP: 5/5
    13 | D        | Reached XP level 5. HP: 25/25 MP: 6/6
    13 | D        | Reached XP level 6. HP: 30/30 MP: 7/7
    13 | D        | Reached XP level 7. HP: 33/33 MP: 8/8
    13 | D        | Reached XP level 8. HP: 37/37 MP: 9/9
    13 | D        | Reached XP level 9. HP: 41/41 MP: 10/10
    13 | D        | Reached XP level 10. HP: 46/46 MP: 11/11
    13 | D        | Reached XP level 11. HP: 49/49 MP: 12/12
    13 | D        | Reached XP level 12. HP: 53/53 MP: 13/13
    13 | D        | Reached XP level 13. HP: 57/57 MP: 14/14
    14 | D        | Noticed a bag of meat
    14 | D        | Noticed a bag of meat
    14 | D        | Noticed a bag of meat
    15 | D        | Noticed a meat berserker
    16 | D        | Noticed a bag of meat
    16 | D        | Noticed a bag of meat
    16 | D        | Noticed a meat berserker
    17 | D        | Killed a meat berserker
    17 | D        | Reached * piety under Makhleb
    17 | D        | Reached XP level 14. HP: 79/79 MP: 15/15
    18 | D        | Noticed a bag of meat
    18 | D        | Noticed a bag of meat
    18 | D        | Killed a bag of meat
    20 | D        | Noticed a meat berserker
    20 | D        | Noticed a meat berserker
    21 | D        | Killed a meat berserker
    21 | D        | Reached skill level 27 in Axes
    21 | D        | Reached XP level 15. HP: 93/93 MP: 16/16
    21 | D        | Killed a meat berserker
    21 | D        | Reached ** piety under Makhleb
    21 | D        | Reached XP level 16. HP: 108/108 MP: 17/17
    22 | D        | Noticed a meat berserker
    25 | D        | Reached *** piety under Makhleb
    25 | D        | Reached skill level 27 in Fighting
    25 | D        | Reached XP level 17. HP: 121/121 MP: 18/18
    26 | D        | Killed a meat berserker
    27 | D        | Noticed a meat berserker
    28 | D        | Noticed a meat berserker
    29 | D        | Reached **** piety under Makhleb
    29 | D        | Reached XP level 18. HP: 127/127 MP: 19/19
    29 | D        | Noticed a destroyer
    30 | D        | Noticed a meat berserker
    30 | D        | Noticed a meat berserker
    30 | D        | Killed a meat berserker
    31 | D        | Killed a meat berserker
    31 | D        | Reached skill level 27 in Armour
    31 | D        | Reached skill level 5 in Unarmed Combat
    31 | D        | Reached XP level 19. HP: 132/132 MP: 19/25
    31 | D        | Reached skill level 10 in Throwing
    31 | D        | Reached skill level 10 in Invocations
    32 | D        | Noticed a large bag of meat
    32 | D        | Killed a meat berserker
    32 | D        | Reached ***** piety under Makhleb
    32 | D        | Reached skill level 15 in Short Blades
    32 | D        | Killed a meat berserker
    32 | D        | Reached XP level 20. HP: 137/137 MP: 19/33
    32 | D        | Reached skill level 15 in Unarmed Combat
    36 | D        | Killed a meat berserker
    36 | D        | Killed a meat berserker
    36 | D        | Reached XP level 21. HP: 142/142 MP: 19/37
    37 | D        | Noticed a destroyer
    38 | D        | Killed a destroyer
    38 | D        | Reached ****** piety under Makhleb
    38 | D        | Reached skill level 27 in Short Blades
    38 | D        | Reached skill level 27 in Throwing
    38 | D        | Reached skill level 27 in Invocations
    38 | D        | Reached XP level 22. HP: 148/148 MP: 20/40
    39 | D        | Noticed a destroyer
    40 | D        | Killed a destroyer
    40 | D        | Reached skill level 27 in Unarmed Combat
    40 | D        | Reached skill level 27 in Spellcasting
    41 | D        | Killed a destroyer
    41 | D        | Reached skill level 27 in Stealth
    41 | D        | Reached XP level 23. HP: 153/153 MP: 20/55
    42 | D        | Noticed a destroyer
    42 | D        | Noticed a destroyer
    43 | D        | Killed a destroyer
    43 | D        | Reached XP level 24. HP: 158/158 MP: 21/55
    44 | D        | Noticed a destroyer
    47 | D        | Noticed a destroyer
    48 | D        | Noticed a destroyer
    49 | D        | Killed a destroyer
    49 | D        | Killed a destroyer
    49 | D        | Reached XP level 25. HP: 163/163 MP: 22/55
    50 | D        | Noticed an accursed
    50 | D        | Reached XP level 26. HP: 169/169 MP: 23/55
    51 | D        | Noticed an accursed
    51 | D        | Noticed a destroyer
    51 | D        | Noticed a destroyer
    52 | D        | Killed a destroyer
    53 | D        | Killed a destroyer
    53 | D        | Reached XP level 27. HP: 174/174 MP: 23/55
    54 | D        | Noticed a tyrant
    54 | D        | Killed a destroyer
    57 | D        | Noticed a tyrant
    57 | D        | Killed a destroyer
    57 | D        | Noticed The Servant
    57 | D        | Noticed a destroyer
    59 | D        | Noticed a destroyer
    60 | D        | Noticed a destroyer
    61 | D        | Noticed a tyrant
    62 | D        | Killed an accursed
    62 | D        | Killed a destroyer
    63 | D        | Noticed a destroyer
    63 | D        | Killed a destroyer
    65 | D        | Killed The Servant
    65 | D        | Killed a tyrant
    67 | D        | Noticed a tyrant
    67 | D        | Killed an accursed
    68 | D        | Noticed a dread
    69 | D        | Noticed The Captor
    69 | D        | Noticed a dread
    69 | D        | Killed a tyrant
    70 | D        | Killed a tyrant
    71 | D        | Noticed a meat beast
    72 | D        | Killed a destroyer
    73 | D        | Noticed a meat beast
    74 | D        | Killed a destroyer
    75 | D        | Noticed a meat beast
    75 | D        | Killed a tyrant
    75 | D        | Killed a meat beast
    76 | D        | Killed a meat beast
    77 | D        | Noticed a dread
    77 | D        | Killed a dread
    79 | D        | Killed a meat beast
    79 | D        | Killed a dread
    80 | D        | Noticed a meat beast
    84 | D        | Killed a dread
    84 | D        | Killed The Captor
    85 | D        | Killed a meat beast
    88 | D        | Noticed a meat beast
    93 | D        | Noticed a tyrant
    94 | D        | Noticed a meat beast
    94 | D        | Killed a meat beast
    94 | D        | Killed a tyrant
    95 | D        | Noticed a tyrant
    95 | D        | Killed a meat beast
   101 | D        | Noticed a tyrant
   101 | D        | Killed a tyrant
   103 | D        | Noticed a meat beast
   105 | D        | Killed a meat beast
   109 | D        | Noticed an accursed
   111 | D        | Killed a tyrant
   112 | D        | Noticed a meat beast
   116 | D        | Noticed a meat beast
   117 | D        | Noticed an accursed
   117 | D        | Killed a meat beast
   118 | D        | Killed an accursed
   120 | D        | Killed a meat beast
   124 | D        | Noticed a fleshlord
   124 | D        | Noticed a fleshlord
   124 | D        | Killed an accursed
   126 | D        | Noticed a tyrant
   128 | D        | Noticed a fleshlord
   130 | D        | Noticed a fleshlord
   130 | D        | Noticed an accursed
   132 | D        | Killed a fleshlord
   135 | D        | Killed a fleshlord
   135 | D        | Killed a fleshlord
   137 | D        | Killed a tyrant
   139 | D        | Killed an accursed
   140 | D        | Noticed a fleshlord
   144 | D        | Noticed a meat beast
   145 | D        | Noticed a fleshlord
   146 | D        | Noticed a meat beast
   147 | D        | Killed a fleshlord
   148 | D        | Noticed a dread
   148 | D        | Killed a meat beast
   151 | D        | Noticed The Meatlord
   151 | D        | Noticed a destroyer
   151 | D        | HP: 6/174 [observer/divine providence (12)]
   153 | D        | Killed a fleshlord
   160 | D        | Killed a fleshlord
   162 | D        | Killed a dread
   164 | D        | Killed a destroyer
   167 | D        | Noticed a fleshlord
   171 | D        | Killed a fleshlord
   173 | D        | Killed The Meatlord
   174 | D        | Noticed a meat beast
   175 | D        | Got the Orb of Zot
   177 | D        | Killed a meat beast
   178 | D        | Noticed a meat beast
   179 | D        | Noticed a fleshlord
   179 | D        | Noticed a fleshlord
   179 | D        | Escaped with the Orb!

Skill      XL: |  1  2  3  4  5  6  7  8  9 10 11 12 13 14 15 16 17 18 19 20 21 22 |
---------------+-------------------------------------------------------------------+-----
Axes           | 20 24 27 | 27.0
Dodging        | 27 | 27.0
Fighting       | 11 17 22 27 | 27.0
Armour         | 9 22 27 | 27.0
Short Blades   | 8 18 25 27 | 27.0
Throwing       | 7 17 23 27 | 27.0
Unarmed Combat | 5 14 20 25 27 | 27.0
Invocations    | 7 17 23 27 | 27.0
Spellcasting   | 27 | 27.0
Stealth        | 27 | 27.0

Action                   |  1- 3 |  4- 6 |  7- 9 | 10-12 | 13-15 | 16-18 | 19-21 | 22-24 | 25-27 || total
-------------------------+-------+-------+-------+-------+-------+-------+-------+-------+-------++-------
Melee: Broad axe         |     1 |       |       |       |     3 |     7 |     6 |     7 |    95 ||   119
  Use: Potion            |       |       |       |       |       |       |       |       |     2 ||     2
Dodge: Dodged            |       |       |       |       |       |       |     2 |       |    29 ||    31
